 Dungeon Crawl Stone Soup version 0.29.1-14-g9c671dbff4 (webtiles) character file.

Game seed: 11628255673635602595

469 Peloso the Covered (level 6, -5/56 HPs)
             Began as a Minotaur Fighter on Feb 19, 2023.
             Killed from afar by a steam dragon (18 damage)
             ... with a ball of steam
             ... on level 4 of the Dungeon.
             The game lasted 00:08:29 (4305 turns).

Peloso the Covered (Minotaur Fighter)               Turns: 4305, Time: 00:08:29

Health: -5/56      AC: 13    Str: 20    XL:     6   Next: 82%
Magic:  5/5        EV:  7    Int:  5    God:
Gold:   203        SH:  5    Dex: 12    Spells: 5/5 levels left

rFire   . . .      SeeInvis .   a - +0 long sword
rCold   . . .      Faith    .   d - +0 buckler
rNeg    . . .      Spirit   .   c - +0 chain mail
rPois   .          Reflect  .   (helmet restricted)
rElec   .          Harm     .   k - +2 cloak {rCorr}
rCorr   +          Rampage  .   (no gloves)
Will    .....                   (no boots)
Stlth   ..........              (no amulet)
HPRegen 0.18/turn               (no ring)
MPRegen 0.09/turn               (no ring)

@: no status effects
A: horns 2, retaliatory headbutt
a: no special abilities


You were on level 4 of the Dungeon.
You visited 1 branch of the dungeon, and saw 4 of its levels.

You collected 203 gold pieces.

Inventory:

Hand Weapons
 a - a +0 long sword (weapon)
Armour
 b - a +0 scale mail
 c - a +0 chain mail (worn)
 d - a +0 buckler (worn)
 k - a +2 cloak of preservation (worn)
Jewellery
 j - a +4 ring of evasion
Wands
 i - a wand of light (9)
Scrolls
 e - 3 scrolls of blinking
Potions
 f - 3 potions of curing
 g - a potion of invisibility
 h - 3 potions of might
 l - a potion of mutation {unknown}
 m - a potion of magic


   Skills:
 + Level 5.0 Fighting
 + Level 5.2 Long Blades
 + Level 6.0 Armour
 + Level 1.5 Dodging
 + Level 0.1 Stealth
 + Level 5.0 Shields


You had 5 spell levels left.
You didn't know any spells.
Your spell library contained the following spells:

 Spells                   Type           Power      Damage    Failure   Level
 Apportation              Tloc           0%         N/A       99%         1
 Necrotise                Necr           0%         1d4       99%         1
 Sandblast                Erth           0%         2d4       99%         1
 Summon Small Mammal      Summ           0%         N/A       99%         1
 Passwall                 Tmut/Erth      0%         N/A       100%        2
 Stone Arrow              Conj/Erth      0%         3d7       100%        3
 Iskenderun's Battlesphe  Conj           0%         2d6       100%        5
 Iron Shot                Conj/Erth      0%         9d1       100%        6
 Spellforged Servitor     Conj/Summ      0%         N/A       100%        7


Dungeon Overview and Level Annotations

Branches:
Dungeon (4/15)
 Temple: D:4-7

Altars:
Hepliaklqana
Nemelex Xobeh
Qazlal
Xom

Shops:
D:1 (


Innate Abilities, Weirdness & Mutations

You have a pair of horns on your head.
You reflexively headbutt those who attack you in melee.


Message History

* * * LOW HITPOINT WARNING * * *
The steam dragon breathes steam at you. The ball of steam misses you.
Unknown command.
You hit the steam dragon. You headbutt the steam dragon!
The steam dragon is heavily wounded.
You block the steam dragon's attack. The steam dragon barely misses you.
Unknown command.
You hit the steam dragon.
The steam dragon is severely wounded.
You are engulfed in a cloud of scalding steam.
The steam dragon bites you but does no damage.
The steam dragon claws you but does no damage.
Unknown command.
You hit the steam dragon but do no damage.
The steam dragon is severely wounded.
The steam dragon bites you but does no damage.
You block the steam dragon's attack.
Unknown command.
You closely miss the steam dragon.
The steam dragon is severely wounded.
The bush is engulfed in a cloud of scalding steam.
The steam dragon bites you.
* * * LOW HITPOINT WARNING * * *
The steam dragon barely misses you.
You hit the steam dragon but do no damage.
You headbutt the steam dragon, but do no damage.
The steam dragon is severely wounded.
You block the steam dragon's attack.
The steam dragon claws you but does no damage.
You hit the steam dragon but do no damage.
Your headbutt misses the steam dragon.
The steam dragon is severely wounded.
The steam dragon barely misses you. You block the steam dragon's attack.
Unknown command.
You barely miss the steam dragon.
The steam dragon is severely wounded.
The steam dragon breathes steam at you. The ball of steam hits you!!
You die...

#####....................######
#......P.PPPPP.P.....#
#......P.......P.#####
......P.P...P.P.#
......P.P._.P.P.#
####..P.P...P.P.#
#..P.......P.# #..P.PPPPP.P.#
#....D@......# #.....########
######


You could see a steam dragon (catching breath).

Vanquished Creatures
  A black bear (D:4)
  3 orc priests
  3 orc wizards
  3 gnolls (D:3)
  11 adders
  A white imp (D:4)
  2 worms (D:2)
  2 dart slugs
  8 orcs
  3 endoplasms
  3 giant cockroaches
  8 goblins
  6 hobgoblins
  7 kobolds
  7 quokkas
  6 ball pythons
  8 bats
  2 frilled lizards
  4 rats
88 creatures vanquished.

Vanquished Creatures (others)
  An ufetubus (D:4)
  A plant (D:4)
2 creatures vanquished.

Grand Total: 90 creatures vanquished

Notes
Turn   | Place    | Note
-------+----------+-------------------------------------------
     0 | D:1      | Peloso the Minotaur Fighter began the quest for the Orb.
     0 | D:1      | Reached XP level 1. HP: 19/19 MP: 0/0
    16 | D:1      | Found Bicef's Weapon Shop.
   176 | D:1      | Reached XP level 2. HP: 27/27 MP: 1/1
   310 | D:1      | Reached skill level 4 in Armour
   797 | D:2      | Reached XP level 3. HP: 20/33 MP: 2/2
  1504 | D:2      | Reached XP level 4. HP: 21/40 MP: 3/3
  2221 | D:2      | Reached skill level 5 in Armour
  2502 | D:3      | Reached XP level 5. HP: 47/47 MP: 4/4
  2536 | D:3      | Found a stormy altar of Qazlal.
  2573 | D:3      | Reached skill level 1 in Dodging
  3114 | D:2      | Reached XP level 6. HP: 53/53 MP: 5/5
  3200 | D:3      | Found a sparkling altar of Nemelex Xobeh.
  3375 | D:3      | Found a faded altar of an unknown god.
  3542 | D:4      | Found a shimmering altar of Xom.
  3767 | D:4      | Found a hazy altar of Hepliaklqana.
  4069 | D:4      | Reached skill level 5 in Long Blades
  4069 | D:4      | Reached skill level 6 in Armour
  4069 | D:4      | Reached skill level 5 in Shields
  4288 | D:4      | Noticed a steam dragon
  4294 | D:4      | Reached skill level 5 in Fighting
  4305 | D:4      | Killed from afar by a steam dragon

Illustrated notes

Levels and vault maps discovered:
D:1:      minmay_arrival_cross, layout_basic, serial_shops,
          nicolae_shop_bloodbath_and_beyond
D:2:      layout_basic, minmay_cupped
D:3:      layout_rooms, mainiacjoe_overflow_surrounded_room, lemuel_tele_altar,
          dilly_ecumenical_altar_fadedgnrine
D:4:      layout_basic, nicolae_hepliaklqana_hazy_memory,
          mainiacjoe_overflow_cross_hatched, serial_curves, eino_curves_03,
          eino_curves_04, eino_curves_04, eino_curves_04

Skill      XL: |  1  2  3  4  5  6 |
---------------+-------------------+-----
Armour         | 4 5 6 |  6.0
Fighting       | 4 5 |  5.0
Shields        | 4 5 |  5.0
Long Blades    | 3 4 5 |  5.2
Dodging        | 1 |  1.5
Stealth        | |  0.1

Action                   |  1- 3 |  4- 6 || total
-------------------------+-------+-------++-------
Melee: Long sword        |    92 |   182 ||   274
       Headbutt          |     9 |    21 ||    30
  Use: Scroll            |     3 |     6 ||     9
       Potion            |     1 |     3 ||     4
Armor: Scale mail        |    45 |    50 ||    95
       Chain mail        |       |    64 ||    64
Dodge: Dodged            |    50 |    90 ||   140
Block: Buckler           |    21 |    51 ||    72
